 Dungeon Crawl Stone Soup version 0.22-a0-538-g76cc104 (webtiles) character file.

11 iamserjio the Charmwright (level 2, -1/15 HPs)
             Began as a Vine Stalker Skald on June 23, 2018.
             Slain by an iguana (9 damage)
             ... on level 4 of the Dungeon.
             The game lasted 00:02:03 (238 turns).

iamserjio the Charmwright (Vine Stalker Skald)       Turns: 238, Time: 00:02:03

Health: -1/15      AC:  3    Str: 13    XL:     2   Next: 25%
Magic:  0/6        EV: 11    Int: 13    God:
Gold:   28         SH:  0    Dex: 13    Spells: 2/5 levels left

rFire    . . .     SeeInvis .   a - +0 spear
rCold    . . .     Gourm    .   (no shield)
rNeg     . . .     Faith    .   b - +0 leather armour
rPois    .         Spirit   +   (no helmet)
rElec    .         Reflect  .   (no cloak)
rCorr    .         Harm     .   (no gloves)
MR       .....                  (no boots)
Stlth    +.........             (no amulet)
HPRegen  0.05/turn              (no ring)
MPRegen  0.10/turn              (no ring)

@: shrouded, infused
A: fangs 2, magic shield, antimagic bite, no potion heal 3, rot immunity
a: no special abilities


You were on level 4 of the Dungeon.
You were not hungry.

You visited 1 branch of the dungeon, and saw 4 of its levels.

You collected 28 gold pieces.

Inventory:

Hand Weapons
 a - a +0 spear (weapon)
Armour
 b - a +0 leather armour (worn)
Jewellery
 e - an uncursed ring of magical power {unknown}
Scrolls
 f - a scroll of teleportation {unknown}
 g - a scroll of identify {unknown}
 h - a scroll of blinking {unknown}
 i - a scroll of noise {unknown}
Potions
 c - a potion of heal wounds {unknown}
Comestibles
 d - 2 rations


   Skills:
 + Level 2.0 Fighting
 * Level 2.2 Polearms
 - Level 0.7 Armour
 - Level 1.5 Dodging
 + Level 2.4 Spellcasting
 - Level 3.0 Charms


You had 2 spell levels left.
You knew the following spells:

 Your Spells              Type           Power        Failure   Level  Hunger
a - Infusion              Chrm           #...         9%          1    #......
b - Shroud of Golubria    Chrm/Tloc      #.........   26%         2    ###....

Your spell library contained the following spells:

 Spells                   Type           Power        Failure   Level  Hunger
 Regeneration             Chrm/Necr      #.........   45%         3    ###....
 Song of Slaying          Chrm           #.......     14%         2    ###....
 Spectral Weapon          Hex/Chrm       #.......     45%         3    ###....


Dungeon Overview and Level Annotations

Branches:
Dungeon (4/15)
 Temple: D:4-7

Altars:


Innate Abilities, Weirdness & Mutations

You have extremely sharp teeth.
When hurt, damage is shared between your health and your magic reserves.
Your bite disrupts and absorbs the magic of your enemies.
Potions cannot restore your health.
You are immune to rotting.


Message History

You climb downwards.
An iguana comes into view.
The iguana hisses angrily.
There is a stone staircase leading up here.
Casting: Infusion (safe; 9% risk of failure)
Confirm with . or Enter, or press ? or * to list all spells.
Okay, then.
Casting: Infusion (safe; 9% risk of failure)
Confirm with . or Enter, or press ? or * to list all spells.
You begin infusing your attacks with magical energy.
The iguana closely misses you.
Casting: Infusion (safe; 9% risk of failure)
Confirm with . or Enter, or press ? or * to list all spells.
Space distorts slightly along a thin shroud covering your body.
The iguana barely misses you.
You hit the iguana but do no damage. Your bite misses the iguana.
Your shroud bends the iguana's attack away!
You closely miss the iguana. Your bite misses the iguana. The iguana bites you!
Ouch! That really hurt!
You die...

#### ###..##
###.....##
##........#
..........##
......l@...#
...........#
............#
............#
.............#
.#...........#
..#..........#
..#...........


You could see an iguana.

Vanquished Creatures
  An ooze (D:2)
  3 goblins
  A kobold (D:2)
  2 rats
7 creatures vanquished.

Notes
Turn   | Place    | Note
-------+----------+-------------------------------------------
     0 | D:1      | iamserjio the Vine Stalker Skald began the quest for the Orb.
     0 | D:1      | Reached XP level 1. HP: 11/11 MP: 4/4
   112 | D:2      | Reached XP level 2. HP: 1/15 MP: 4/6
   121 | D:2      | Learned a level 2 spell: Shroud of Golubria
   238 | D:4      | Slain by an iguana

Vault maps used:
D:1:      dpeg_arrival_rooms_a, columned_hall_lemuel
D:3:      minmay_box_of_dots
D:4:      grunt_temple_overflow_open, first_ration, serial_glass,
          glass_columns_b, glass_columns_b, nicolae_dithmenos_the_darkroom,
          uniq_sigmund

Skill      XL: |  1 |
---------------+----+-----
Polearms       | 2 |  2.2
Fighting       | 2 |  2.0
Armour         | |  0.7
Dodging        | |  1.5
Spellcasting   | |  2.4
Charms         | |  3.0

Action                   || total
-------------------------++-------
Melee: Spear             ||    15
       Bite              ||     5
 Cast: Infusion          ||     4
       Shroud of Golubri ||     1
Armor: Leather armour    ||     1
Dodge: Dodged            ||     6

Table legend:
 A = Spawn XP
 B = Non-spawn XP
 C = Spawn XP percentage of total XP
 D = Spawn monster count
 E = Non-spawn monster count
 F = Spawn count percentage of total count
 G = Total turns spent on level
                    A         B        C        D         E        F      G
               +---------+---------+-------+---------+---------+-------+---------
         Total |       0 |      16 |   0.0 |       0 |       7 |   0.0 |   238
               +---------+---------+-------+---------+---------+-------+---------
           D:1 |       0 |       3 |   0.0 |       0 |       2 |   0.0 |    60
           D:2 |       0 |      13 |   0.0 |       0 |       5 |   0.0 |   159
               +---------+---------+-------+---------+---------+-------+---------
